 Dungeon Crawl Stone Soup version 0.28-a0-664-gc179e30c89 (webtiles) character file.

Game seed: 17764376066026371950

2026 IndexError the Chiller (level 9, -1/65 HPs)
             Began as a Gnoll Ice Elementalist on Oct 15, 2021.
             Was an Initiate of Ashenzari.
             Slain by a kobold brigand (7 damage)
             ... on level 7 of the Dungeon.
             The game lasted 00:21:18 (7716 turns).

IndexError the Chiller (Gnoll Ice Elementalist)     Turns: 7716, Time: 00:21:19

Health: -1/65      AC: 16    Str:  8    XL:     9   Next: 23%
Magic:  8/18       EV: 14    Int: 17    God:    Ashenzari [......]
Gold:   391        SH:  0    Dex: 13    Spells: 14/21 levels left

rFire   . . .      SeeInvis .   a - staff of cold {rC+}
rCold   + . .      Faith    .   (no shield)
rNeg    + . .      Spirit   .   i - +0 robe
rPois   .          Reflect  .   h - +1 helmet
rElec   .          Harm     .   (no cloak)
rCorr   .          Rampage  .   r - +2 pair of gloves of Ashenzari's Moon {Elem, Cun} (curse)
Will    .....                   (no boots)
Stlth   +++.......              (no amulet)
HPRegen 0.20/turn               e - ring of positive energy {rN+}
MPRegen 0.16/turn               (no ring)

@: ice-armoured, freezing walls, slowed, very slow
A: fangs 1, strong nose, distributed training
a: Renounce Religion, Shatter the Chains


You were on level 7 of the Dungeon.
You worshipped Ashenzari.
Ashenzari was noncommittal.
You visited 2 branches of the dungeon, and saw 8 of its levels.
You also visited: Sewer.

You collected 391 gold pieces.

Inventory:

Hand Weapons
 b - a +0 hunting sling
   (You took it off a goblin on level 2 of the Dungeon)
 w - a +2 dagger of venom
   (You took it off a goblin on level 2 of the Dungeon)
Missiles
 k - 203 stones (quivered)
 l - 5 curare-tipped darts
 u - 35 poisoned darts
Armour
 h - a +1 helmet (worn)
   (You found it on level 1 of the Dungeon)
 i - a +0 robe (worn)
 r - the cursed +2 pair of gloves of Ashenzari's Moon (worn) {Elem, Cun}
   (You found it on level 5 of the Dungeon)

   It has a curse which improves the following skills: Elements: Fire Magic, Ice
   Magic, Air Magic and Earth Magic.
   Cunning:   Dodging and Stealth.
Magical Staves
 a - a staff of cold (weapon) {rC+}
   (You acquired it on level 5 of the Dungeon)
Jewellery
 e - a ring of positive energy (left hand) {rN+}
   (You found it on level 2 of the Dungeon)
Wands
 s - a wand of acid (8)
   (You found it on level 5 of the Dungeon)
Scrolls
 c - a scroll of vulnerability {!r!r}
 d - 6 scrolls of teleportation
 f - 3 scrolls of magic mapping {!r}
 j - a scroll of amnesia
 m - a scroll of fear
 n - a scroll of fog
 t - a scroll of enchant weapon
 x - a scroll of summoning
Potions
 g - a potion of magic
 o - 2 potions of cancellation
 p - a potion of mutation {!q}
 q - 2 potions of haste
 v - a potion of ambrosia
 z - 2 potions of lignification {!q}


   Skills:
 + Level 4.0 Fighting
 + Level 4.0 Short Blades
 + Level 4.0 Long Blades
 + Level 4.0 Axes
 + Level 4.0 Maces & Flails
 + Level 4.0 Polearms
 + Level 4.0 Staves
 + Level 4.0 Slings
 + Level 4.0 Bows
 + Level 4.0 Crossbows
 + Level 4.0 Throwing
 + Level 4.0 Armour
 + Level 6.2(6.7) Dodging
 + Level 5.9(6.4) Stealth
 + Level 4.0 Shields
 + Level 4.0 Unarmed Combat
 + Level 6.5 Spellcasting
 + Level 3.3 Conjurations
 + Level 3.3 Hexes
 + Level 3.3 Summonings
 + Level 3.3 Necromancy
 + Level 3.3 Translocations
 + Level 3.3 Transmutations
 + Level 3.3(3.8) Fire Magic
 + Level 7.9(8.4) Ice Magic
 + Level 3.3(3.8) Air Magic
 + Level 3.3(3.8) Earth Magic
 + Level 3.3 Poison Magic
 + Level 4.4 Invocations
 + Level 4.0 Evocations


You had 14 spell levels left.
You knew the following spells:

 Your Spells              Type           Power      Damage    Failure   Level
a - Freeze                Ice            100%       1d11      1%          1
b - Frozen Ramparts       Ice            100%       1d12      1%          3
A - Ozocubu's Armour      Ice            51%        N/A       1%          3

Your spell library contained the following spells:

 Spells                   Type           Power      Damage    Failure   Level
 Summon Small Mammal      Summ           64%        N/A       3%          1
 Scorch                   Fire           36%        2d7       3%          2
 Call Canine Familiar     Summ           16%        N/A       10%         3
 Summon Guardian Golem    Hex/Summ       16%        N/A       10%         3
 Hailstorm                Conj/Ice       38%        3d9       11%         4
 Summon Ice Beast         Ice/Summ       38%        N/A       11%         4
 Flame Wave               Conj/Fire      17%        3d5       28%         4
 Summon Mana Viper        Hex/Summ       16%        N/A       65%         5
 Summon Cactus Giant      Summ           8%         N/A       99%         6
 Monstrous Menagerie      Summ           8%         N/A       100%        7


Dungeon Overview and Level Annotations

Branches:
Dungeon (7/15)             Temple (1/1) D:5           Sewer (visited)

Altars:
Ashenzari
Cheibriados
Dithmenos
Elyvilon
Fedhas
Gozag
Kikubaaqudgha
Nemelex Xobeh
Qazlal
Ru
Trog
Uskayaw
Vehumet
Wu Jian
Yredelemnul
Zin
The Shining One

Shops:
D:6 ***


Innate Abilities, Weirdness & Mutations

You have very sharp teeth.
Your uncanny sense of smell can sniff out nearby items.
Your experience applies equally to all skills.


Message History

The kobold shouts!
You hear a shout! x2
The wall freezes something.
The wall freezes the bullfrog.
The bullfrog seems to slow down.
The bullfrog misses you.
The wall freezes something.
Something hits you!
The wall freezes the bullfrog!
The bullfrog barely misses you.
The wall freezes something.
Something hits you but does no damage.
You take 8 damage, and have 44/65 hp.
You now have 12/18 mp.
You closely miss the bullfrog.
The wall freezes something.
Something hits you!
The wall freezes something.
Something hits you but does no damage.
The wall freezes the bullfrog.
The wall freezes something.
Something hits you but does no damage.
You take 7 damage, and have 37/65 hp.
The wall freezes something.
Something hits you.
The wall freezes something.
Something hits you.
The wall freezes something.
Something hits you.
You take 8 damage, and have 29/65 hp.
You are too injured to fight recklessly!
Unknown command.
Unknown command.
Casting: Frozen Ramparts (safe; 1% risk of failure)
Confirm with . or Enter, or press ? or * to list all spells.
Aiming: Freeze (safe; 1% risk of failure)
Press: ? - help, Shift-Dir - straight line You feel a surge of power!
You freeze something.
The wall freezes something.
Something hits you but does no damage.
The wall freezes something.
Something hits you but does no damage.
A kobold brigand comes into view.
It is wielding a +0 dagger and quivering curare-tipped darts.
The wall freezes something.
Something hits you but does no damage.
You now have 11/18 mp.
Casting: Freeze (safe; 1% risk of failure)
Confirm with . or Enter, or press ? or * to list all spells.
Aiming: Freeze (safe; 1% risk of failure)
Press: ? - help, Shift-Dir - straight line You feel a surge of power!
You freeze something.
The wall freezes something.
Something hits you.
The wall freezes something.
Something hits you but does no damage.
The wall freezes the kobold.
The kobold brigand throws a curare-tipped dart.
The curare-tipped dart closely misses you.
The wall freezes something.
Something hits you.
You take 4 damage, and have 25/65 hp.
Casting: Freeze (safe; 1% risk of failure)
Confirm with . or Enter, or press ? or * to list all spells.
Aiming: Freeze (safe; 1% risk of failure)
Press: ? - help, Shift-Dir - straight line You feel a surge of power!
You freeze something!
Reactivating autopickup.
You feel a bit more experienced.
Your Fighting skill increases to level 4!
Your Short Blades skill increases to level 4!
Your Long Blades skill increases to level 4!
Your Axes skill increases to level 4!
Your Maces & Flails skill increases to level 4!
Your Polearms skill increases to level 4!
Your Staves skill increases to level 4!
Your Slings skill increases to level 4!
Your Bows skill increases to level 4!
Your Crossbows skill increases to level 4!
Your Throwing skill increases to level 4!
Your Armour skill increases to level 4!
Your Shields skill increases to level 4!
Your Unarmed Combat skill increases to level 4!
Your Evocations skill increases to level 4!
You now have 10/18 mp.
The kobold brigand throws a curare-tipped dart.
The curare-tipped dart hits you.
You are poisoned.
You have difficulty breathing.
You feel yourself slow down.
You take 1 damage, and have 24/65 hp.
The frozen ramparts melt away.
You feel very sick.
You take 6 damage, and have 18/65 hp.
Casting: Freeze (safe; 1% risk of failure)
Confirm with . or Enter, or press ? or * to list all spells.
Casting: Frozen Ramparts (safe; 1% risk of failure)
Press: ? - help, Dir - look around, f - activate You feel a surge of power!
The walls around you are covered in ice.
You feel very sick.
The wall freezes the kobold brigand.
You take 3 damage, and have 15/65 hp.
You now have 7/18 mp.
You feel very sick.
A kobold comes into view. It is wielding a +0 whip.
The wall freezes the kobold brigand.
The kobold brigand throws a curare-tipped dart.
The curare-tipped dart hits you.
You are lethally poisoned!
You have difficulty breathing.
* * * LOW HITPOINT WARNING * * *
You feel as though you will be slow longer.
You take 10 damage, and have 5/65 hp.
* * * LOW HITPOINT WARNING * * *
You feel very sick.
The wall freezes the kobold brigand.
The kobold brigand throws a curare-tipped dart.
The curare-tipped dart barely misses you.
A kobold comes into view. It is wielding a +0 dagger.
The wall freezes the kobold brigand.
A kobold comes into view. It is wielding a +0 dagger.
You take 4 damage, and have 1/65 hp.
You feel better.
The wall freezes the kobold brigand.
The kobold brigand hits you with a +0 dagger!
You die...

#.##########
#.....<....#
#.########.#
#.# #.#
#.####.######
#...........#
###.##@#.##.#
# #K#.# #.# .
#)# ## #.K
##. K K#


You could see a kobold brigand and 3 kobolds.

Vanquished Creatures
  An unseen horror (D:7)
  Prince Ribbit (D:6)
  Duvessa (D:5)
  3 ice beasts
  A sky beast (D:6)
  A necrophage (D:5)
  2 kobold brigands (Sewer)
  A bullfrog (D:7)
  A wyvern zombie (D:6)
  Dowan (D:5)
  A scorpion (D:5)
  A howler monkey (D:5)
  A jelly (D:5)
  A gnoll shaman (D:6)
  A hound (D:5)
  An iguana (D:4)
  6 orc wizards
  Robin (D:3)
  16 gnolls
  5 adders
  2 river rats (D:4)
  A shadow imp (D:6)
  An adder skeleton (D:2)
  3 worms
  9 orcs
  3 bats
  6 endoplasms
  4 giant cockroaches
  15 goblins
  6 hobgoblins
  15 jackals
  2 quokkas
  5 ball pythons
  4 frilled lizards
  10 kobolds
  10 rats
143 creatures vanquished.

Vanquished Creatures (others)
  A quokka (D:4)
  8 plants (D:4)
9 creatures vanquished.

Grand Total: 152 creatures vanquished

Notes
Turn   | Place    | Note
-------+----------+-------------------------------------------
     0 | D:1      | IndexError the Gnoll Ice Elementalist began the quest for
                  | the Orb.
     0 | D:1      | Reached XP level 1. HP: 13/13 MP: 6/6
   250 | D:1      | Reached XP level 2. HP: 19/19 MP: 5/7
  1041 | D:2      | Reached skill level 5 in Spellcasting
  1041 | D:2      | Reached XP level 3. HP: 25/25 MP: 5/9
  1047 | D:2      | Reached skill level 1 in Invocations
  1051 | D:2      | HP: 6/25 [gnoll (2)]
  1054 | D:2      | Reached skill level 1 in Fighting
  1054 | D:2      | Reached skill level 1 in Short Blades
  1054 | D:2      | Reached skill level 1 in Long Blades
  1054 | D:2      | Reached skill level 1 in Axes
  1054 | D:2      | Reached skill level 1 in Maces & Flails
  1054 | D:2      | Reached skill level 1 in Polearms
  1054 | D:2      | Reached skill level 1 in Staves
  1054 | D:2      | Reached skill level 1 in Slings
  1054 | D:2      | Reached skill level 1 in Bows
  1054 | D:2      | Reached skill level 1 in Crossbows
  1054 | D:2      | Reached skill level 1 in Throwing
  1054 | D:2      | Reached skill level 1 in Armour
  1054 | D:2      | Reached skill level 1 in Shields
  1054 | D:2      | Reached skill level 1 in Unarmed Combat
  1054 | D:2      | Reached skill level 1 in Evocations
  1292 | D:1      | Learned a level 3 spell: Frozen Ramparts
  1296 | D:1      | Learned a level 3 spell: Ozocubu's Armour
  1301 | D:2      | Reached XP level 4. HP: 26/32 MP: 11/11
  1313 | D:2      | Reached skill level 1 in Conjurations
  1313 | D:2      | Reached skill level 1 in Hexes
  1313 | D:2      | Reached skill level 1 in Summonings
  1313 | D:2      | Reached skill level 1 in Necromancy
  1313 | D:2      | Reached skill level 1 in Translocations
  1313 | D:2      | Reached skill level 1 in Transmutations
  1313 | D:2      | Reached skill level 1 in Fire Magic
  1313 | D:2      | Reached skill level 1 in Air Magic
  1313 | D:2      | Reached skill level 1 in Earth Magic
  1313 | D:2      | Reached skill level 1 in Poison Magic
  1423 | D:2      | Reached XP level 5. HP: 35/37 MP: 12/12
  2039 | D:3      | Noticed Robin
  2534 | D:3      | Killed Robin
  2843 | D:3      | Found a faded altar of an unknown god.
  3018 | D:3      | You fall into a shaft and drop 3 floors!
  3035 | D:6      | Found Jierhy's Assorted Antiques.
  3037 | D:5      | Entered Level 5 of the Dungeon
  3048 | D:5      | Reached skill level 2 in Invocations
  3048 | D:5      | Reached XP level 6. HP: 38/44 MP: 7/14
  3120 | D:5      | Found a stormy altar of Qazlal.
  3281 | D:5      | Noticed an ice beast
  3288 | D:5      | Reached skill level 5 in Dodging
  3290 | D:5      | Reached skill level 2 in Fighting
  3290 | D:5      | Reached skill level 2 in Short Blades
  3290 | D:5      | Reached skill level 2 in Long Blades
  3290 | D:5      | Reached skill level 2 in Axes
  3290 | D:5      | Reached skill level 2 in Maces & Flails
  3290 | D:5      | Reached skill level 2 in Polearms
  3290 | D:5      | Reached skill level 2 in Staves
  3290 | D:5      | Reached skill level 2 in Slings
  3290 | D:5      | Reached skill level 2 in Bows
  3290 | D:5      | Reached skill level 2 in Crossbows
  3290 | D:5      | Reached skill level 2 in Throwing
  3290 | D:5      | Reached skill level 2 in Armour
  3290 | D:5      | Reached skill level 2 in Shields
  3290 | D:5      | Reached skill level 2 in Unarmed Combat
  3290 | D:5      | Reached skill level 2 in Evocations
  3308 | D:5      | Killed an ice beast
  3309 | D:5      | Reached XP level 7. HP: 29/50 MP: 8/15
  3447 | D:5      | Found a staircase to the Ecumenical Temple.
  3456 | Temple   | Entered the Ecumenical Temple
  3475 | Temple   | Became a worshipper of Ashenzari the Shackled
  3475 | Temple   | Identified a scroll of acquirement
  3589 | D:5      | Acquired a staff of cold
  3695 | D:5      | Reached skill level 2 in Conjurations
  3695 | D:5      | Reached skill level 2 in Hexes
  3695 | D:5      | Reached skill level 2 in Summonings
  3695 | D:5      | Reached skill level 2 in Necromancy
  3695 | D:5      | Reached skill level 2 in Translocations
  3695 | D:5      | Reached skill level 2 in Transmutations
  3695 | D:5      | Reached skill level 2 in Fire Magic
  3695 | D:5      | Reached skill level 2 in Air Magic
  3695 | D:5      | Reached skill level 2 in Earth Magic
  3695 | D:5      | Reached skill level 2 in Poison Magic
  3805 | D:4      | Found a glowing drain.
  3849 | Sewer    | Entered a sewer
  4275 | Sewer    | Reached skill level 5 in Stealth
  4277 | Sewer    | Reached skill level 3 in Invocations
  4670 | D:4      | Found a white marble altar of Elyvilon.
  4881 | D:4      | Reached XP level 8. HP: 57/57 MP: 13/16
  5362 | D:6      | Noticed Duvessa
  5362 | D:6      | Noticed Dowan
  5435 | D:5      | Killed Duvessa
  5435 | D:5      | Killed Dowan
  5436 | D:5      | Reached skill level 3 in Fighting
  5436 | D:5      | Reached skill level 3 in Short Blades
  5436 | D:5      | Reached skill level 3 in Long Blades
  5436 | D:5      | Reached skill level 3 in Axes
  5436 | D:5      | Reached skill level 3 in Maces & Flails
  5436 | D:5      | Reached skill level 3 in Polearms
  5436 | D:5      | Reached skill level 3 in Staves
  5436 | D:5      | Reached skill level 3 in Slings
  5436 | D:5      | Reached skill level 3 in Bows
  5436 | D:5      | Reached skill level 3 in Crossbows
  5436 | D:5      | Reached skill level 3 in Throwing
  5436 | D:5      | Reached skill level 3 in Armour
  5436 | D:5      | Reached skill level 3 in Shields
  5436 | D:5      | Reached skill level 3 in Unarmed Combat
  5436 | D:5      | Reached skill level 3 in Evocations
  5567 | D:5      | Found a staircase to the Ecumenical Temple.
  5890 | D:5      | Found a stormy altar of Qazlal.
  5941 | D:6      | Reached skill level 6 in Spellcasting
  6362 | D:6      | Found Royt's General Store.
  6364 | D:6      | Found Cazowneq's Specific Store.
  6407 | D:6      | Noticed Prince Ribbit
  6439 | D:6      | Killed Prince Ribbit
  6767 | D:6      | Reached skill level 4 in Invocations
  6771 | D:6      | Reached skill level 3 in Conjurations
  6771 | D:6      | Reached skill level 3 in Hexes
  6771 | D:6      | Reached skill level 3 in Summonings
  6771 | D:6      | Reached skill level 3 in Necromancy
  6771 | D:6      | Reached skill level 3 in Translocations
  6771 | D:6      | Reached skill level 3 in Transmutations
  6771 | D:6      | Reached skill level 3 in Fire Magic
  6771 | D:6      | Reached skill level 3 in Air Magic
  6771 | D:6      | Reached skill level 3 in Earth Magic
  6771 | D:6      | Reached skill level 3 in Poison Magic
  6911 | D:6      | Reached skill level 6 in Dodging
  7098 | D:6      | Reached XP level 9. HP: 54/65 MP: 11/18
  7709 | D:7      | Killed an unseen horror
  7710 | D:7      | Reached skill level 4 in Fighting
  7710 | D:7      | Reached skill level 4 in Short Blades
  7710 | D:7      | Reached skill level 4 in Long Blades
  7710 | D:7      | Reached skill level 4 in Axes
  7710 | D:7      | Reached skill level 4 in Maces & Flails
  7710 | D:7      | Reached skill level 4 in Polearms
  7710 | D:7      | Reached skill level 4 in Staves
  7710 | D:7      | Reached skill level 4 in Slings
  7710 | D:7      | Reached skill level 4 in Bows
  7710 | D:7      | Reached skill level 4 in Crossbows
  7710 | D:7      | Reached skill level 4 in Throwing
  7710 | D:7      | Reached skill level 4 in Armour
  7710 | D:7      | Reached skill level 4 in Shields
  7710 | D:7      | Reached skill level 4 in Unarmed Combat
  7710 | D:7      | Reached skill level 4 in Evocations
  7713 | D:7      | HP: 15/65 [poisoned by a kobold brigand (curare-tipped
                  | dart)]
  7714 | D:7      | HP: 5/65 [asphyx]
  7715 | D:7      | HP: 1/65 [poisoned by a kobold brigand (curare-tipped
                  | dart)]
  7716 | D:7      | Slain by a kobold brigand

Illustrated notes

Levels and vault maps discovered:
D:1:      minmay_arrival_shattered_statue, layout_loops_cross, minivault_26,
          fountainhead, grunt_decor_clamped
D:2:      layout_rooms
D:3:      layout_loops_cross, basic_ecumenical_altar, uniq_robin
D:4:      layout_rooms, elyvilon_altar_4, cheibrodos_sewer_entry_sluice,
          serial_bayou_ford_a
D:5:      layout_basic, nicolae_qazlal_scattered_showers,
          minmay_temple_entry_junction
D:6:      layout_basic, minmay_liquid_box, nicolae_specific_store,
          nicolae_stop_n_shop_1, uniq_duvessa, uniq_prince_ribbit1
D:7:      layout_loops_ring, grunt_temple_overflow_open, minmay_splitting_lines
Temple:   minmay_freezing_vapour_temple

Skill      XL: |  1  2  3  4  5  6  7  8  9 |
---------------+----------------------------+-----
Spellcasting   | 5 6 |  6.5
Invocations    | 1 2 3 4 |  4.4
Fighting       | 1 2 3 4 |  4.0
Short Blades   | 1 2 3 4 |  4.0
Long Blades    | 1 2 3 4 |  4.0
Axes           | 1 2 3 4 |  4.0
Maces & Flails | 1 2 3 4 |  4.0
Polearms       | 1 2 3 4 |  4.0
Staves         | 1 2 3 4 |  4.0
Slings         | 1 2 3 4 |  4.0
Bows           | 1 2 3 4 |  4.0
Crossbows      | 1 2 3 4 |  4.0
Throwing       | 1 2 3 4 |  4.0
Armour         | 1 2 3 4 |  4.0
Shields        | 1 2 3 4 |  4.0
Unarmed Combat | 1 2 3 4 |  4.0
Evocations     | 1 2 3 4 |  4.0
Conjurations   | 1 2 3 |  3.3
Hexes          | 1 2 3 |  3.3
Summonings     | 1 2 3 |  3.3
Necromancy     | 1 2 3 |  3.3
Translocations | 1 2 3 |  3.3
Transmutations | 1 2 3 |  3.3
Fire Magic     | 1 2 3 |  3.3
Air Magic      | 1 2 3 |  3.3
Earth Magic    | 1 2 3 |  3.3
Poison Magic   | 1 2 3 |  3.3
Dodging        | 5 6 |  6.2
Stealth        | 5 |  5.9
Ice Magic      | |  7.9

Action                   |  1- 3 |  4- 6 |  7- 9 || total
-------------------------+-------+-------+-------++-------
Melee: Unarmed           |     5 |       |       ||     5
       Long sword        |    15 |    35 |       ||    50
       Bite              |     1 |     7 |    16 ||    24
       Dagger            |       |    52 |    78 ||   130
       Punch             |       |     2 |     1 ||     3
       Staff             |       |       |    62 ||    62
 Fire: Hunting sling     |       |       |    19 ||    19
Throw: Stone             |       |     2 |    53 ||    55
 Cast: Freeze            |    31 |       |    46 ||    77
       Frozen Ramparts   |       |    13 |    24 ||    37
       Ozocubu's Armour  |       |     7 |    16 ||    23
Invok: Curse Item        |       |       |     1 ||     1
  Use: Scroll            |       |       |     2 ||     2
       Potion            |       |       |     1 ||     1
 Stab: Distracted        |     1 |       |       ||     1
       Sleeping          |     1 |     3 |     3 ||     7
Armor: Robe              |     5 |    43 |    74 ||   122
Dodge: Dodged            |    30 |    69 |   115 ||   214

Table legend: (Time is in decaauts)
 A = Elapsed time spent in this place.
 B = Non-inter-level travel time spent in this place.
 C = Inter-level travel time spent in this place.
 D = Time resting spent in this place.
 E = Time spent auto-exploring this place.
 F = Levels seen in this place.
 G = Mean time per level.
                   A        B        C        D        E       F      G
               +--------+--------+--------+--------+--------+-----+--------+
         Total |   7788 |   7203 |    585 |    125 |   5726 |   9 |  865.3 |
       Dungeon |   7146 |   6573 |    573 |     98 |   5343 |   7 | 1020.9 |
        Temple |     24 |     12 |     12 |      0 |     10 |   1 |   24.0 |
         Sewer |    617 |    617 |      0 |     27 |    373 |   1 |  617.0 |
               +--------+--------+--------+--------+--------+-----+--------+

Top non-repeatable levels by time:
     D:6: 1728 daAuts
     D:5: 1506 daAuts
     D:1: 1230 daAuts
     D:2: 1189 daAuts
     D:3: 769 daAuts
     D:4: 688 daAuts
   Sewer: 617 daAuts
     D:7: 31 daAuts
  Temple: 24 daAuts

Table legend:
 A = Kills in this place as a percentage of kills in entire the game.
 B = Kills by you in this place as a percentage of kills by you in the entire game.
 C = Kills by friends in this place as a percentage of kills by friends in the entire game.
 D = Other kills in this place as a percentage of other kills in the entire game.
 E = Experience gained in this place as a percentage of experience gained in the entire game.
 F = Experience gained in this place divided by the number of levels of this place that you have seen.
                   A       B       C       D       E      F
               +-------+-------+-------+-------+-------+----------------------
         Total | 100.0 | 100.0 |   N/A |   N/A | 100.0 | 321.7
       Dungeon |  88.1 |  88.1 |   N/A |   N/A |  91.8 | 379.7
         Sewer |  11.9 |  11.9 |   N/A |   N/A |   8.2 | 237.0
               +-------+-------+-------+-------+-------+----------------------
